 Dungeon Crawl Stone Soup version 0.22-a0-315-ge0921bb (webtiles) character file.

167 operationiv the Poker (level 5, -6/46 HPs)
             Began as a Hill Orc Monk on Apr 2, 2018.
             Mangled by a hornet zombie (12 damage)
             ... on level 3 of the Dungeon.
             The game lasted 00:02:01 (2164 turns).

operationiv the Poker (Hill Orc Monk)               Turns: 2164, Time: 00:02:01

Health: -6/46      AC:  2    Str: 15    XL:     5   Next: 48%
Magic:  5/5        EV: 13    Int: 10    God:
Gold:   62         SH:  0    Dex: 13    Spells: 4/4 levels left

rFire    . . .     SeeInvis .   a - +0 spear
rCold    . . .     Gourm    .   (no shield)
rNeg     . . .     Faith    .   b - +0 robe
rPois    .         Spirit   .   (no helmet)
rElec    .         Reflect  .   (no cloak)
rCorr    .         Harm     +   (no gloves)
MR       .....                  (no boots)
Stlth    ++........             l - amulet of harm
HPRegen  0.15/turn              (no ring)
MPRegen  0.09/turn              (no ring)

@: no status effects
A: no striking features
a: no special abilities


You were on level 3 of the Dungeon.
You were not hungry.

You visited 1 branch of the dungeon, and saw 3 of its levels.

You collected 62 gold pieces.

Inventory:

Hand Weapons
 a - a +0 spear (weapon)
 q - a +0 dagger of venom
   (You took it off a goblin on level 1 of the Dungeon)
 r - a cursed +0 hand axe
   (You found it on level 1 of the Dungeon)
Armour
 b - a +0 robe (worn)
Jewellery
 l - an amulet of harm (around neck)
   (You found it on level 2 of the Dungeon)
Wands
 n - a wand of polymorph (10)
   (You took it off Jessica on level 2 of the Dungeon)
 v - a wand of clouds (7)
   (You found it on level 3 of the Dungeon)
Scrolls
 d - 2 scrolls of teleportation {unknown}
 e - 2 scrolls of magic mapping {unknown}
 f - 3 scrolls of identify {unknown}
 h - 3 scrolls of random uselessness {unknown}
 i - a scroll of amnesia {unknown}
 o - 3 scrolls of enchant weapon {unknown}
 t - a scroll of immolation {unknown}
Potions
 g - a potion of magic {unknown}
 j - a potion of mutation {unknown}
 k - a potion of ambrosia {unknown}
 m - a potion of agility {unknown}
 p - a potion of heal wounds {unknown}
 s - a potion of lignification {unknown}
 u - a potion of flight {unknown}
Comestibles
 c - 7 rations {@e1}


   Skills:
 - Level 4.2 Fighting
 * Level 6.3 Polearms
 - Level 2.4 Dodging
 - Level 1.5 Stealth


You had 4 spell levels left.
You didn't know any spells.

Dungeon Overview and Level Annotations

Branches:
Dungeon (3/15)

Altars:


Message History

A rat is nearby!
Attack whom?
Aim: a rat You reach to attack!
You hit the rat.
You kill the rat!
You butcher the rat corpse.
u - a chunk of flesh {@w0} Eating a chunk of flesh {@w0}.
You eat the chunk of flesh {@w0}.
h - 3 scrolls labeled QOQ TASHRIGG (gained 1)
A giant cockroach comes into view.
A giant cockroach is nearby!
A giant cockroach is nearby!
A giant cockroach is nearby!
You completely miss the giant cockroach.
The giant cockroach barely misses you.
A giant cockroach is nearby!
You puncture the giant cockroach!
You kill the giant cockroach!
No target in view!
No target in view!
(D) Dungeon
Where to? (Enter - D:3, ? - help)
There is a stone staircase leading down here.
There is a shaft here.
You see here a chain mail.
There is a stone staircase leading up here.
You climb upwards.
There is a stone staircase leading down here.
Natasha, Servant of Life and Death comes into view.
Attack whom?
Aim: Natasha (hasn't noticed you)
You reach to attack!
You catch the helpless Natasha completely off-guard!
You hit Natasha. Natasha casts a spell at you. The magic dart hits you!
You take 3 damage, and have 43/46 hp.
Attack whom?
Aim: Natasha (lightly wounded)
You reach to attack!
You hit Natasha but do no damage. You hit Natasha. Natasha claws you.
You take 3 damage, and have 40/46 hp.
You hit Natasha. Natasha claws you.
You take 3 damage, and have 37/46 hp.
You completely miss Natasha. You closely miss Natasha. Natasha claws you.
You take 4 damage, and have 33/46 hp.
You hit Natasha. Natasha closely misses you.
You hit Natasha.
You kill Natasha!
You feel Natasha's spirit has finally been put to rest.
No target in view!
No target in view!
u - a puce potion
(D) Dungeon
Where to? (Enter - D:2 @ (x,y), ? - help)
There is a stone staircase leading down here.
You climb downwards.
There is a stone staircase leading up here.
You regained 4 hp, and now have 38/46 hp.
Found a stone staircase leading down.
No target in view!
v - a wand of clouds (7) No target in view!
You open the door.
There is an open door here.
A hornet zombie comes into view.
You regained 3 hp, and now have 41/46 hp.
Attack whom?
Aim: a hornet zombie You reach to attack!
You hit the hornet zombie.
You hit the hornet zombie but do no damage.
The hornet zombie hits you!
You take 16 damage, and have 25/46 hp.
MASSIVE DAMAGE!!
You are too injured to fight recklessly!
You are too injured to fight recklessly!
You are too injured to fight recklessly!
You are too injured to fight recklessly!
You are too injured to fight recklessly!
You are too injured to fight recklessly!
You are too injured to fight recklessly!
You are too injured to fight recklessly!
You are too injured to fight recklessly!
You are too injured to fight recklessly!
You are too injured to fight recklessly!
You are too injured to fight recklessly!
You are too injured to fight recklessly!
You are too injured to fight recklessly!
You closely miss the hornet zombie. The hornet zombie hits you!
* * * LOW HITPOINT WARNING * * *
The hornet zombie barely misses you.
You take 12 damage, and have 13/46 hp.
MASSIVE DAMAGE!!
The hornet zombie misses you. The hornet zombie hits you!
* * * LOW HITPOINT WARNING * * *
You take 9 damage, and have 5/46 hp.
The hornet zombie hits you!
You die...

#.....<#####...[.
#.####.##...[....
#.................
#####.#.##.....###
#....##.....#
#....#.....##
#..........#
#...#......#...
#.>.'..@.......
#...#.Z#.######
#...#..#.#
#........#
#...#.####
#........#
#.[......#
#........#
#........#######


You could see a hornet zombie.

Vanquished Creatures
  Jessica (D:2)
  Natasha (thrice) (D:2)
  2 oozes (D:1)
  2 worms (D:2)
  2 dart slugs (D:2)
  4 leopard geckos
  2 bats (D:1)
  2 giant cockroaches
  7 goblins
  2 hobgoblins (D:1)
  6 jackals (D:1)
  3 frilled lizards (D:1)
  5 kobolds
  2 rats
43 creatures vanquished.

Notes
Turn   | Place    | Note
-------+----------+-------------------------------------------
     0 | D:1      | operationiv the Hill Orc Monk began the quest for the Orb.
     0 | D:1      | Reached XP level 1. HP: 19/19 MP: 1/1
   373 | D:1      | Reached XP level 2. HP: 27/27 MP: 2/2
   529 | D:1      | You fall through a shaft!
   540 | D:2      | Reached skill level 4 in Fighting
   671 | D:2      | Reached skill level 4 in Polearms
   763 | D:2      | Reached XP level 3. HP: 33/33 MP: 3/3
   791 | D:2      | Noticed Jessica
   792 | D:2      | Noticed Natasha
  1486 | D:2      | Reached XP level 4. HP: 40/40 MP: 4/4
  1712 | D:2      | Killed Natasha
  1712 | D:2      | Reached skill level 5 in Polearms
  1743 | D:2      | Noticed Natasha
  1764 | D:2      | Killed Natasha
  1930 | D:2      | Killed Jessica
  1930 | D:2      | Reached skill level 6 in Polearms
  1930 | D:2      | Reached XP level 5. HP: 36/46 MP: 5/5
  2094 | D:2      | Noticed Natasha
  2102 | D:2      | Killed Natasha
  2161 | D:3      | HP: 5/46 [hornet zombie (9)]
  2164 | D:3      | Mangled by a hornet zombie

Vault maps used:
D:1:      grunt_arrival_lava_bath
D:2:      minmay_misc_feat_chi, uniq_jessica, uniq_natasha
D:3:      fedhas_altar_2, kennysheep_generic_room_7

Skill      XL: |  1  2  3  4 |
---------------+-------------+-----
Fighting       | 4 |  4.2
Polearms       | 4 6 |  6.3
Dodging        | |  2.4
Stealth        | |  1.5

Action                   |  1- 3 |  4- 6 || total
-------------------------+-------+-------++-------
Melee: Spear             |   139 |    54 ||   193
 Stab: Sleeping          |     5 |     1 ||     6
       Distracted        |     1 |     1 ||     2
  Eat: Chunk             |     2 |     2 ||     4
Armor: Robe              |    15 |       ||    15
Dodge: Dodged            |    64 |    19 ||    83

Table legend:
 A = Spawn XP
 B = Non-spawn XP
 C = Spawn XP percentage of total XP
 D = Spawn monster count
 E = Non-spawn monster count
 F = Spawn count percentage of total count
 G = Total turns spent on level
                    A         B        C        D         E        F      G
               +---------+---------+-------+---------+---------+-------+---------
         Total |       0 |     239 |   0.0 |       0 |      43 |   0.0 |  2164
               +---------+---------+-------+---------+---------+-------+---------
           D:1 |       0 |      59 |   0.0 |       0 |      27 |   0.0 |  1157
           D:2 |       0 |     177 |   0.0 |       0 |      14 |   0.0 |   881
           D:3 |       0 |       3 |   0.0 |       0 |       2 |   0.0 |   126
               +---------+---------+-------+---------+---------+-------+---------

Vault maps used:
D:1:      grunt_arrival_lava_bath
D:2:      minmay_misc_feat_chi, uniq_jessica, uniq_natasha
D:3:      fedhas_altar_2, kennysheep_generic_room_7

Table legend:
 A = Turns spent in this place as a percentage of turns spent in the entire game.
 B = Non-inter-level travel turns spent in this place as a percentage of non-inter-level travel turns spent in the entire game.
 C = Inter-level travel turns spent in this place as a percentage of turns spent in this place.
 D = Turns resting spent in this place as a percentage of non-inter-level travel turns spent in this place.
 E = Turns spent auto-exploring this place as a percentage of non-inter-level travel turns spent in this place.
 F = Non-inter-level travel turns spent in this place divided by the number of levels of this place that you've seen.
                   A       B       C       D       E      F
               +-------+-------+-------+-------+-------+----------------------
         Total | 100.0 | 100.0 |   5.3 |  24.9 |  56.4 | 683.0
       Dungeon | 100.0 | 100.0 |   5.3 |  24.9 |  56.4 | 683.0
               +-------+-------+-------+-------+-------+----------------------

Table legend:
 A = Kills in this place as a percentage of kills in entire the game.
 B = Kills by you in this place as a percentage of kills by you in the entire game.
 C = Kills by friends in this place as a percentage of kills by friends in the entire game.
 D = Other kills in this place as a percentage of other kills in the entire game.
 E = Experience gained in this place as a percentage of experience gained in the entire game.
 F = Experience gained in this place divided by the number of levels of this place that you have seen.
                   A       B       C       D       E      F
               +-------+-------+-------+-------+-------+----------------------
         Total | 100.0 | 100.0 |   N/A |   N/A | 100.0 |  79.7
       Dungeon | 100.0 | 100.0 |   N/A |   N/A | 100.0 |  79.7
               +-------+-------+-------+-------+-------+----------------------
